 Dungeon Crawl Stone Soup version 0.25-a0-663-gace7076f2c (webtiles) character file.

Game seed: 5968364028017656335, levelgen mode: deterministic

340 Esekla the Stinger (level 6, -1/39 HPs)
             Began as an Octopode Venom Mage on Mar 26, 2020.
             Killed by divine providence
             ... invoked by an orc priest
              (12 damage)
             ... on level 4 of the Dungeon.
             The game lasted 00:18:03 (2699 turns).

Esekla the Stinger (Octopode Venom Mage)            Turns: 2699, Time: 00:18:04

Health: -1/39      AC:  1    Str:  8    XL:     6   Next: 56%
Magic:  6/10       EV: 14    Int: 18    God:
Gold:   75         SH:  0    Dex: 13    Spells: 5/11 levels left

rFire    + . .     SeeInvis .   i - +2 trident (venom)
rCold    . . .     Gourm    .   (no shield)
rNeg     . . .     Faith    .   (helmet restricted)
rPois    .         Spirit   .   (no amulet)
rElec    .         Reflect  .   n - ring of protection from fire
rCorr    .         Harm     .   (no ring)
MR       .....                  (no ring)
Stlth    +++.......             (no ring)
HPRegen  0.13/turn              (no ring)
MPRegen  0.12/turn              (no ring)
                                (no ring)
                                (no ring)

@: no status effects
A: almost no armour, stealthy swim, amphibious, 8 rings, constrict 8, camouflage
1, gelatinous body 1
a: no special abilities


You were on level 4 of the Dungeon.
You were near starving.

You visited 1 branch of the dungeon, and saw 4 of its levels.

You collected 75 gold pieces.

Inventory:

Hand Weapons
 a - a +0 dagger
 i - a +2 trident of venom (weapon)
 p - a +0 long sword
Missiles
 j - 14 poisoned darts (quivered)
Jewellery
 n - a ring of protection from fire (left tentacle)
Wands
 r - a wand of flame (1)
Scrolls
 c - 6 scrolls of identify {unknown}
 d - a scroll of magic mapping {unknown}
 e - a scroll of teleportation {unknown}
 f - a scroll of fog {unknown}
 g - 4 scrolls of fear {unknown}
 h - a scroll of remove curse {unknown}
 k - a scroll of enchant armour {unknown}
 m - 2 scrolls of noise {unknown}
Potions
 l - a potion of cancellation {unknown}
 o - a potion of mutation {unknown}
Comestibles
 b - 3 rations


   Skills:
 * Level 1.9 Fighting
 + Level 0.2 Short Blades
 + Level 1.6 Polearms
 * Level 3.0 Dodging
 + Level 3.5 Stealth
 * Level 3.0 Spellcasting
 * Level 2.1 Conjurations
 - Level 1.0 Transmutations
 * Level 1.5 Air Magic
 + Level 4.7 Poison Magic


You had 5 spell levels left.
You knew the following spells:

 Your Spells              Type           Power        Failure   Level  Hunger
a - Sting                 Tmut/Pois      ##..         4%          1    None
c - Mephitic Cloud        Conj/Pois/Air  ##......     16%         3    ###....
v - Poisonous Vapours     Pois/Air       ##....       7%          2    ##.....

Your spell library contained the following spells:

 Spells                   Type           Power        Failure   Level  Hunger
 Ignite Poison            Fire/Tmut/Pois #.......     22%         3    ###....
 Olgreb's Toxic Radiance  Pois           ###.....     22%         4    ####...


Dungeon Overview and Level Annotations

Branches:
Dungeon (4/15)
 Temple: D:4-7

Altars:
Cheibriados
Nemelex Xobeh
Ru
Vehumet


Innate Abilities, Weirdness & Mutations

You cannot wear most types of armour.
You are very stealthy in the water. (Stealth+)
You are amphibious.
You can wear up to eight rings at the same time.
You can use your tentacles to constrict eight enemies at once.
Your skin changes colour to match your surroundings (Stealth+).
Your rubbery body absorbs attacks. (AC +1, EV +1)


Message History

Aim: an orc wizard, wielding a +0 dagger and wearing a +0 robe (heavily wounded, constricted by you, very poisoned) Poisonous vapours surround the orc wizard!
You constrict the orc wizard.
The orc wizard is engulfed in poison gas.
The orc wizard looks as sick as possible!
You kill the orc wizard!
Your Conjurations skill increases to level 2!
You start resting.
The orc priest is too close now for your liking.
Casting: Poisonous Vapours (safe; 7% risk of failure)
Confirm with . or Enter, or press ? or * to list all spells.
Aiming: Poisonous Vapours (safe; 7% risk of failure)
Press: ? - help, Dir - move target cursor, f - orc priest
Aim: an orc priest, wielding a +0 dagger Poisonous vapours surround the orc priest!
The orc priest is engulfed in poison gas.
The orc priest is poisoned.
The orc priest mumbles some strange prayers to Beogh against you.
Beogh smites you!
You die... #P.P.))....P#.....## #P.P.PPPPPPP##...## #P.....P...P####.# #P.PPP.P.P.P #.# . #P...P.P.P.P# ##.####.... #PPP.PPP.PPP#

#..........
#P.........P###..####....
....P.PPP.P.PPP.o....## .
###.P.P.P.P....@#.....#
#.P.P.P.P.P.P###...##
#.....P.P.P.P# ##.##


#.PPPPPPP.PPP# #.# #. #...#### #.# ...## #+# #.#### ... #. ..... ....o.. You
could see an orc priest.

Vanquished Creatures
  A bullfrog (D:2)
  Crazy Yiuf (D:3)
  An orc wizard (D:4)
  Terence (D:2)
  7 gnolls
  An adder (D:3)
  A shadow imp (D:3)
  An ooze (D:1)
  6 worms
  A dart slug (D:2)
  2 leopard geckos (D:2)
  7 orcs
  A ball python (D:3)
  7 bats
  4 giant cockroaches
  5 goblins
  14 hobgoblins
  8 jackals
  7 kobolds
  2 quokkas
  3 frilled lizards
  6 rats
87 creatures vanquished.

Notes
Turn   | Place    | Note
-------+----------+-------------------------------------------
     0 | D:1      | Esekla the Octopode Venom Mage began the quest for the Orb.
     0 | D:1      | Reached XP level 1. HP: 11/11 MP: 3/3
   155 | D:1      | Reached XP level 2. HP: 13/17 MP: 3/5
   159 | D:1      | Learned a level 2 spell: Poisonous Vapours
   182 | D:1      | Reached skill level 4 in Poison Magic
   681 | D:1      | Reached XP level 3. HP: 22/22 MP: 3/6
   686 | D:1      | Learned a level 3 spell: Mephitic Cloud
   963 | D:2      | Noticed Terence
   980 | D:2      | Killed Terence
  1030 | D:2      | Reached skill level 1 in Fighting
  1030 | D:2      | Reached XP level 4. HP: 28/28 MP: 7/7
  1174 | D:2      | Found a radiant altar of Vehumet.
  1519 | D:2      | Noticed a bullfrog
  1528 | D:2      | Killed a bullfrog
  1528 | D:2      | Reached skill level 1 in Conjurations
  1528 | D:2      | Reached skill level 1 in Air Magic
  1528 | D:2      | Reached XP level 5. HP: 32/33 MP: 9/9
  1730 | D:2      | Reached skill level 1 in Polearms
  1905 | D:3      | Found a sacrificial altar of Ru.
  2142 | D:3      | Reached XP level 6. HP: 36/39 MP: 10/10
  2167 | D:3      | Found a snail-covered altar of Cheibriados.
  2167 | D:3      | Found a sparkling altar of Nemelex Xobeh.
  2322 | D:3      | Found a runed translucent door.
  2323 | D:3      | Noticed Crazy Yiuf
  2345 | D:3      | Killed Crazy Yiuf
  2699 | D:4      | Killed from afar by an orc priest

Levels and vault maps discovered:
D:1:      denvon_arrival_planthouse, layout_loops_ring, serial_forest,
          infiniplex_forest_corner_1, infiniplex_forest_clump_C,
          infiniplex_forest_clump_large, infiniplex_forest_clump_diagonal,
          infiniplex_forest_lined_3, infiniplex_forest_zigzag_1
D:2:      layout_basic, vehumet_crystals, first_ration, uniq_terence
D:3:      layout_rooms, gammafunk_temple_overflow_wave, grunt_ministairs_15,
          nicolae_ru_sacrificial_ziggurat, uniq_crazy_yiuf_cottage
D:4:      layout_loops_corners, overflow_temple_1_default, minmay_hedge_maze

Skill      XL: |  1  2  3  4  5  6 |
---------------+-------------------+-----
Poison Magic   | 4 |  4.7
Fighting       | 1 |  1.9
Stealth        | 3 |  3.5
Conjurations   | 1 2 |  2.1
Air Magic      | 1 |  1.5
Polearms       | 1 |  1.6
Dodging        | 3 |  3.0
Spellcasting   | 3 |  3.0
Short Blades   | |  0.2
Transmutations | |  1.0

Action                   |  1- 3 |  4- 6 || total
-------------------------+-------+-------++-------
Melee: Dagger            |    30 |       ||    30
       Constrict         |     6 |    23 ||    29
       Tentacles         |     5 |     6 ||    11
       Unarmed           |     2 |       ||     2
       Trident           |     3 |   122 ||   125
Throw: Dart              |       |     1 ||     1
 Cast: Sting             |     4 |       ||     4
       Poisonous Vapours |    12 |    17 ||    29
       Mephitic Cloud    |       |     2 ||     2
 Stab: Sleeping          |     2 |     9 ||    11
       Confused          |       |     2 ||     2
  Eat: Chunk             |     1 |     5 ||     6
Armor: Skin              |     1 |     2 ||     3
Dodge: Dodged            |    27 |    40 ||    67

Table legend:
 A = Non-vault XP
 B = Vault XP
 C = Vault XP percentage of total XP
 D = Non-vault monster count
 E = Vault monster count
 F = Vault count percentage of total count
                 A         B        C        D         E       F
            +---------+---------+-------+---------+---------+-------
      Total |     402 |      85 |  17.5 |      80 |       7 |   8.0
            +---------+---------+-------+---------+---------+-------
        D:1 |      35 |       0 |   0.0 |      17 |       0 |   0.0
        D:2 |     186 |      36 |  16.2 |      30 |       1 |   3.2
        D:3 |      67 |      49 |  42.2 |      21 |       6 |  22.2
        D:4 |     114 |       0 |   0.0 |      12 |       0 |   0.0
            +---------+---------+-------+---------+---------+-------
